 Dungeon Sprint DCSS version 0.21.1-1-g345015f (webtiles) character file.

0 Fang the Chopper (level 2, -1/28 HPs)
             Began as a Minotaur Berserker on June 23, 2018.
             Was a Believer of Trog.
             Slain by a wight
             ... wielding a +4 short sword
              (11 damage)
             ... in the Dungeon (Sprint VI: "Thunderdome").
             The game lasted 00:00:20 (74 turns).

Fang the Chopper (Minotaur Berserker)                 Turns: 74, Time: 00:00:21

Health: -1/28      AC:  2    Str: 21    XL:     2   Next: 10%
Magic:  1/1        EV: 12    Int:  4    God:    Trog [**....]
Gold:   200        SH:  0    Dex:  9    Spells: 1/1 levels left

rFire    . . .     SeeInvis .   a - +0 hand axe
rCold    . . .     Gourm    .   (no shield)
rNeg     . . .     Faith    .   b - +0 animal skin
rPois    .         Spirit   .   (helmet restricted)
rElec    .         Reflect  .   (no cloak)
rCorr    .         Harm     .   (no gloves)
MR       .....     NoTele   +   (no boots)
Stlth    +.........             (no amulet)
HPRegen  0.09/turn              (no ring)
MPRegen  0.07/turn              (no ring)

@: no status effects
A: retaliatory headbutt, horns 2
a: Berserk, Trog's Hand, Burn Spellbooks, Renounce Religion


You were in the Dungeon.
You worshipped Trog.
Trog was pleased with you.
You were not hungry.

You visited 1 branch You collected 200 gold pieces.

Inventory:

Hand Weapons
 a - a +0 hand axe (weapon)
Armour
 b - a +0 animal skin (worn)
Wands
 k - a wand of acid (5)
 l - a wand of iceblast (5)
Scrolls
 i - 4 scrolls of blinking
 m - 3 scrolls of fog
Potions
 d - a potion of curing
 e - 4 potions of heal wounds
 f - 4 potions of haste
 g - 2 potions of magic
 h - a potion of berserk rage
 j - a potion of resistance
Comestibles
 c - a ration


   Skills:
 + Level 4.8 Fighting
 + Level 4.9 Axes
 + Level 2.9 Armour
 + Level 2.6 Dodging


You had one spell level left.
You didn't know any spells.

Dungeon Overview and Level Annotations

Branches:
Dungeon (1/1)

Altars:
Cheibriados
Fedhas
Gozag
Makhleb
Okawaru
Qazlal
Sif Muna
Trog
Uskayaw
Vehumet
Wu Jian
Xom
Zin
The Shining One
Jiyva
Lugonu

Shops:
D ?*?:((!!!!


Innate Abilities, Weirdness & Mutations

You reflexively headbutt those who attack you in melee.
You have a pair of horns on your head.


Message History

Trog accepts your kill.
Found Feomen's Weapon Rack.
Found a radiant altar of Vehumet.
Found Geneop's Premium Goods.
Found three altars.
A wight comes into view.
It is wielding an enchanted short sword.
An adder skeleton comes into view.
You slash the adder skeleton!
Your headbutt misses the adder skeleton.
The adder skeleton is heavily damaged.
The adder skeleton closely misses you. You furiously retaliate!
You headbutt the adder skeleton! You closely miss the adder skeleton.
The adder skeleton is almost destroyed.
The adder skeleton completely misses you.
You furiously retaliate!
You headbutt the adder skeleton.
You destroy the adder skeleton!
Trog accepts your kill.
You can now call upon Trog for regeneration and magic resistance.
You have reached level 2!
The wight hits you with an enchanted short sword!
You die...

#_......._#
###.........###
#⌠...........⌠#
#.8.........8.######
_......###........_∩##
......8.# #.8........∩###
........###.............##
....###...###..........⌠#
... #.<.# #@.........⌠#
#...###z.........⌠#
...###.............##
...8. #.8........∩###
..... #......___∩##
#.8.........8.######
#⌠...........⌠#
###.........###
#_......._#


You could see a wight.

Vanquished Creatures
  3 adder skeletons (D)
3 creatures vanquished.

Notes
Turn   | Place    | Note
-------+----------+-------------------------------------------
     0 | D        | Fang the Minotaur Berserker began the quest for the Orb.
     0 | D        | Reached XP level 1. HP: 19/19 MP: 0/0
     3 | D        | Found a bloodstained altar of Trog.
     5 | D        | Found a glowing golden altar of the Shining One.
     5 | D        | Found a corrupted altar of Lugonu.
     5 | D        | Round 1.
     6 | D        | Found an ornate altar of the Wu Jian Council.
     6 | D        | Found a glowing silver altar of Zin.
     6 | D        | Found Taijyun's Staff Store.
     6 | D        | Found Zugocom's Magic Scroll Shop.
     7 | D        | Found an opulent altar of Gozag.
     8 | D        | Found Tiyfu's Must-Have Magic.
     8 | D        | Found Zeichina's Magic Scroll Shop.
     9 | D        | Found Desuts's Distillery.
    25 | D        | Found a snail-covered altar of Cheibriados.
    32 | D        | Found Qounkor's Distillery.
    32 | D        | Found Eduojosk's Bottled Wisdom.
    39 | D        | Found Vesiw's Do-It-Yourself Clinic.
    39 | D        | Found a deep blue altar of Sif Muna.
    39 | D        | Found a burning altar of Makhleb.
    39 | D        | Found a shimmering altar of Xom.
    52 | D        | Found a viscous altar of Jiyva.
    53 | D        | Found a stormy altar of Qazlal.
    60 | D        | Found a radiant altar of Vehumet.
    60 | D        | Found Feomen's Weapon Rack.
    62 | D        | Found an iron altar of Okawaru.
    62 | D        | Found a blossoming altar of Fedhas.
    62 | D        | Found a hide-covered altar of Uskayaw.
    62 | D        | Found Geneop's Premium Goods.
    63 | D        | Noticed a wight
    72 | D        | Reached ** piety under Trog
    72 | D        | Reached XP level 2. HP: 10/28 MP: 1/1
    74 | D        | Slain by a wight

Skill      XL: |  1 |
---------------+----+-----
Fighting       | 4 |  4.8
Axes           | 4 |  4.9
Armour         | |  2.9
Dodging        | |  2.6

Action                   || total
-------------------------++-------
Melee: Hand axe          ||    10
       Headbutt          ||     3
Armor: Animal skin       ||     2
Dodge: Dodged            ||     4
